 Dungeon Crawl Stone Soup version 0.24.0-1-gfbc8707122 (webtiles) character file.

Game seed: 15992637159983543480, levelgen mode: deterministic

20672 tsouns the Slicer (level 13, -3/85 HPs)
             Began as a Kobold Warper on Oct 28, 2019.
             Was a High Priest of Okawaru.
             Slain by a komodo dragon (30 damage)
             ... on level 3 of the Lair of Beasts.
             The game lasted 00:38:17 (15685 turns).

tsouns the Slicer (Kobold Warper)                  Turns: 15685, Time: 00:38:18

Health: -3/85      AC: 23    Str: 18    XL:     13   Next: 14%
Magic:  20/20      EV: 20    Int: 21    God:    Okawaru [*****.]
Gold:   573        SH:  6    Dex: 14    Spells: 8/22 levels left

rFire    . . .     SeeInvis .   r - +4 dagger (protect)
rCold    . . .     Gourm    .   y - +0 buckler of Classification {rElec Int+3}
rNeg     . . .     Faith    .   b - +3 leather armour
rPois    .         Spirit   .   O - +1 helmet
rElec    +         Reflect  .   u - +2 cloak
rCorr    .         Harm     .   a - +2 pair of gloves {archery}
MR       .....                  U - +1 pair of boots
Stlth    ++++......             (no amulet)
HPRegen  0.24/turn              T - +4 ring of strength
MPRegen  0.17/turn              w - +4 ring of strength

@: protection aura
A: small, carnivore
a: Heroism, Finesse, Renounce Religion


You were on level 3 of the Lair of Beasts.
You worshipped Okawaru.
Okawaru was extremely pleased with you.
You were completely stuffed.

You visited 2 branches of the dungeon, and saw 12 of its levels.

You collected 892 gold pieces.
You spent 319 gold pieces at shops.

Inventory:

Hand Weapons
 r - a +4 dagger of protection (weapon)
 R - a +0 rapier
Missiles
 e - 5 boomerangs of dispersal
 g - 39 poisoned darts (quivered)
 n - 10 atropa-tipped darts
 I - 2 throwing nets
 L - 6 boomerangs
Armour
 a - a +2 pair of gloves of archery (worn)
 b - a +3 leather armour (worn)
 j - the +4 robe "Duwk" {rC+ Dex+2 Stlth-}
   (You found it on level 5 of the Dungeon)

   It affects your dexterity (+2).
   It protects you from cold.
   It makes you less stealthy.
 u - a +2 cloak (worn)
 v - the +5 chain mail "Tistro" {Regen+ MP+9 Str+3 Dex-5}
   (You found it on level 7 of the Dungeon)

   It affects your strength (+3).
   It affects your dexterity (-5).
   It affects your magic capacity (+9).
   It increases your rate of regeneration.
 y - the +0 buckler of Classification (worn) {rElec Int+3}
   (You bought it in a shop on level 6 of the Dungeon)

   It affects your intelligence (+3).
   It insulates you from electricity.
 O - a +1 helmet (worn)
 U - a +1 pair of boots (worn)
Jewellery
 d - an uncursed ring of positive energy
 k - an uncursed ring of flight
 w - a +4 ring of strength (right hand)
 T - a +4 ring of strength (left hand)
 W - an uncursed ring of resist corrosion
Wands
 t - a wand of random effects (3)
 F - a wand of enslavement (3)
 H - a wand of flame (3)
 K - a wand of paralysis (10)
 M - a wand of digging (4)
 S - a wand of disintegration (9)
Scrolls
 c - 2 scrolls of blinking
 h - 6 scrolls of teleportation
 l - 4 scrolls of immolation
 m - 4 scrolls of remove curse
 o - 4 scrolls of fog
 C - 2 scrolls of amnesia
 D - 2 scrolls of fear
 E - 2 scrolls of magic mapping
 G - 7 scrolls of identify
 N - a scroll of enchant weapon
Potions
 i - 4 potions of curing
 p - a potion of heal wounds
 s - a potion of brilliance
 x - 2 potions of mutation
 z - a potion of haste
 A - 2 potions of cancellation
 B - a potion of resistance
 Q - 2 potions of magic
Comestibles
 f - 20 rations
 q - a chunk of flesh


   Skills:
 + Level 11.8 Fighting
 - Level 12.0 Short Blades
 - Level 2.4 Throwing
 - Level 0.7 Armour
 - Level 8.6 Dodging
 - Level 10.9 Stealth
 - Level 5.7 Shields
 + Level 5.1 Spellcasting
 + Level 4.3 Translocations
 + Level 1.6 Air Magic
 + Level 4.5 Poison Magic
 + Level 4.6 Invocations
 - Level 2.3 Evocations


You had 8 spell levels left.
You knew the following spells:

 Your Spells              Type           Power        Failure   Level  Hunger
a - Blink                 Tloc           N/A          3%          2    None
b - Shroud of Golubria    Chrm/Tloc      ##....       8%          2    None
c - Teleport Other        Tloc           ###.....     6%          3    ##.....
d - Swiftness             Chrm/Air       #.......     14%         2    None
e - Mephitic Cloud        Conj/Pois/Air  ##......     16%         3    ##.....
f - Poisonous Vapours     Pois/Air       ###...       5%          2    None

Your spell library contained the following spells:

 Spells                   Type           Power        Failure   Level  Hunger
 Gell's Gravitas          Tloc           ###.......   6%          3    ##.....
 Lesser Beckoning         Tloc           ###.......   6%          3    ##.....
 Shock                    Conj/Air       #...         9%          1    None
 Animate Skeleton         Necr           N/A          13%         1    None
 Passage of Golubria      Tloc           N/A          22%         4    ####...
 Static Discharge         Conj/Air       #.......     26%         3    ##.....
 Conjure Flame            Conj/Fire      #.......     36%         3    ##.....
 Airstrike                Air            ##........   54%         4    ####...
 Venom Bolt               Conj/Pois      ##........   80%         5    #####..
 Lightning Bolt           Conj/Air       #.........   94%         5    #####..
 Bolt of Magma            Conj/Fire/Erth #.........   98%         5    #####..
 Iskenderun's Battlesphe  Conj/Chrm      #.......     98%         5    #####..
 Freezing Cloud           Conj/Ice/Air   #.........   100%        6    #######
 Iron Shot                Conj/Erth      #.........   100%        6    #######
 Orb of Destruction       Conj           #.........   100%        7    #######
 Ring of Flames           Chrm/Fire      #.........   100%        7    #######
 Spellforged Servitor     Conj/Summ      #.........   100%        7    #######


Dungeon Overview and Level Annotations

Branches:
Dungeon (9/15)             Temple (0/1) D:4            Lair (3/6) D:9
 Shoals (0/4) Lair:2
  Snake: Lair:2-4    Spider: Lair:2-4       Orc: D:9-12

Altars:
Cheibriados
Elyvilon
Fedhas
Kikubaaqudgha
Makhleb
Nemelex Xobeh
Okawaru
Ru
Sif Muna
Uskayaw
Vehumet
Zin

Shops:
D:6 [?   D:9 (

Annotations:
D:5 2 transporters, MTVSty1e's ghost, novice GrFi
Lair:1 3 runed translucent doors, Vew Pil's ghost, journeyman DrTm


Innate Abilities, Weirdness & Mutations

You are small and have problems with some larger weapons.
You are carnivorous and can eat meat at any time.


Message History

The komodo dragon is almost dead.
You barely miss the komodo dragon.
The komodo dragon is almost dead.
The komodo dragon completely misses you.
You hit the komodo dragon.
The komodo dragon is almost dead.
You hit the komodo dragon but do no damage.
The komodo dragon is almost dead.
The komodo dragon completely misses you.
You hit the komodo dragon but do no damage.
The komodo dragon is almost dead.
You barely miss the komodo dragon.
The komodo dragon is almost dead.
The komodo dragon bites you!
You hit the komodo dragon.
The komodo dragon is almost dead.
You completely miss the komodo dragon.
The komodo dragon is almost dead.
The komodo dragon bites you!!
You die...

## ###### ###
#####P###..#.###P.##
.##
#....................
...
#................%...
...
#.................(..
..#
.............@l......
...
#.>..................
..
#....................
##.
#.......<############
... #........# ...
#........# ...
##..##P...# ...
#.........# ##
#........#


You could see a komodo dragon.

Vanquished Creatures
  Gastronok (Lair:2)
  Erica (Lair:2)
  Pikel (D:6)
  2 oklob plants (Lair:1)
  A black mamba (Lair:1)
  3 torpor snails (Lair:2)
  3 spiny frogs (Lair:3)
  6 komodo dragons
  2 rime drakes
  A hornet (D:7)
  5 hippogriffs
  A snapping turtle (Lair:2)
  10 blink frogs
  A wyvern (D:9)
  28 yaks
  A basilisk (Lair:3)
  2 hungry ghosts (D:8)
  A steam dragon (Lair:3)
  4 water moccasins
  4 black bears
  3 porcupines
  An ice beast (D:5)
  An orc warrior (D:8)
  2 slaves (D:6)
  A phantom (D:7)
  4 ogres
  2 centaurs (D:6)
  9 wolves (Lair:2)
  6 crocodiles
  6 bullfrogs
  Blork the orc (D:6)
  3 scorpions
  5 killer bees (D:9)
  2 howler monkeys (D:6)
  4 wights (D:6)
  3 electric eels
  5 crimson imps (D:6)
  2 jellies
  4 hounds
  3 orc priests (D:9)
  Crazy Yiuf (D:3)
  2 bullfrog skeletons (D:7)
  An iguana (D:6)
  Terence (D:2)
  5 orc wizards
  5 worker ants
  A hound zombie (D:7)
  A hound skeleton (D:4)
  2 worker ant zombies
  16 adders
  4 gnolls (D:8)
  A shadow imp (D:5)
  4 oozes
  An adder skeleton (D:6)
  2 worms
  A dart slug (D:1)
  3 leopard geckos
  15 orcs
  4 bats
  2 giant cockroaches
  11 goblins
  9 hobgoblins
  5 jackals
  3 quokkas
  2 ball pythons
  4 frilled lizards
  9 kobolds
  11 rats
  A plant (Lair:1)
272 creatures vanquished.

Vanquished Creatures (collateral kills)
  An orc warrior (D:9)
  An orc (D:9)
2 creatures vanquished.

Vanquished Creatures (others)
  A porcupine (D:8)
  An orc wizard (D:4)
  An adder (D:6)
  40 fungi
  24 plants
67 creatures vanquished.

Grand Total: 341 creatures vanquished

Notes
Turn   | Place    | Note
-------+----------+-------------------------------------------
     0 | D:1      | tsouns the Kobold Warper began the quest for the Orb.
     0 | D:1      | Reached XP level 1. HP: 12/12 MP: 3/3
   322 | D:1      | Reached skill level 3 in Short Blades
   322 | D:1      | Reached skill level 1 in Stealth
   382 | D:1      | Reached XP level 2. HP: 7/18 MP: 5/5
   703 | D:1      | Reached XP level 3. HP: 10/22 MP: 6/6
  1312 | D:2      | Found a shimmering blue altar of Sif Muna.
  1344 | D:2      | Reached XP level 4. HP: 23/28 MP: 7/7
  1614 | D:2      | Found a sparkling altar of Nemelex Xobeh.
  1625 | D:2      | Noticed Terence
  1666 | D:2      | Killed Terence
  1666 | D:2      | Reached skill level 4 in Short Blades
  1868 | D:2      | Reached XP level 5. HP: 29/32 MP: 8/8
  1975 | D:2      | Learned a level 2 spell: Blink
  1978 | D:2      | Learned a level 2 spell: Shroud of Golubria
  1982 | D:2      | Learned a level 3 spell: Teleport Other
  2977 | D:3      | Found a runed translucent door.
  2978 | D:3      | Noticed Crazy Yiuf
  2985 | D:3      | Killed Crazy Yiuf
  3221 | D:3      | Found an iron altar of Okawaru.
  3221 | D:3      | Found a faded altar of an unknown god.
  3226 | D:3      | Found a blossoming altar of Fedhas.
  3228 | D:3      | Found a faded altar of an unknown god.
  3229 | D:3      | Found a white marble altar of Elyvilon.
  3252 | D:3      | Became a worshipper of Warmaster Okawaru
  3294 | D:4      | Found a hide-covered altar of Uskayaw.
  3342 | D:4      | Reached skill level 5 in Short Blades
  3342 | D:4      | Reached XP level 6. HP: 38/38 MP: 9/9
  3369 | D:4      | Found a staircase to the Ecumenical Temple.
  4137 | D:5      | Entered Level 5 of the Dungeon
  4196 | D:5      | Noticed an ice beast
  4506 | D:5      | Found a transporter.
  4510 | D:5      | Noticed MTVSty1e's ghost (novice GrFi)
  4511 | D:5      | Noticed a necrophage
  4520 | D:5      | Found a transporter.
  4765 | D:5      | Reached XP level 7. HP: 31/43 MP: 10/10
  4863 | D:5      | Reached skill level 6 in Short Blades
  4939 | D:5      | Got a sheer robe
  4940 | D:5      | Identified the +4 robe "Duwk" {rC+ Dex+2 Stlth-} (You found
                  | it on level 5 of the Dungeon)
  5369 | D:6      | Reached skill level 5 in Stealth
  5443 | D:6      | Reached * piety under Okawaru
  5650 | D:6      | Noticed Blork the orc
  5662 | D:6      | Killed Blork the orc
  5662 | D:6      | Reached skill level 7 in Short Blades
  5697 | D:6      | Reached XP level 8. HP: 42/48 MP: 11/11
  5782 | D:6      | Reached skill level 5 in Fighting
  5843 | D:6      | Reached skill level 1 in Invocations
  5966 | D:6      | Reached skill level 8 in Short Blades
  6320 | D:6      | Found Unefel's Antique Armour Boutique.
  6330 | D:6      | Bought a jewelled buckler for 237 gold pieces
  6335 | D:6      | Identified the +0 buckler of Classification {rElec Int+3}
                  | (You bought it in a shop on level 6 of the Dungeon)
  6587 | D:6      | Noticed Pikel
  6594 | D:6      | Killed Pikel
  6594 | D:6      | Reached ** piety under Okawaru
  6594 | D:6      | Reached skill level 9 in Short Blades
  6594 | D:6      | Reached skill level 1 in Shields
  6594 | D:6      | Reached XP level 9. HP: 48/55 MP: 12/12
  6637 | D:6      | Reached skill level 5 in Dodging
  6762 | D:6      | Found Duepp's Magic Scroll Emporium.
  6767 | D:6      | Bought a scroll of magic mapping for 38 gold pieces
  6767 | D:6      | Bought a scroll of identify for 22 gold pieces
  6767 | D:6      | Bought a scroll of identify for 22 gold pieces
  6948 | D:7      | Reached skill level 10 in Short Blades
  7011 | D:7      | Noticed a hornet
  7031 | D:7      | Killed a hornet
  7190 | D:7      | Got a faintly humming chain mail
  7331 | D:7      | Identified the +5 chain mail "Tistro" {Regen+ MP+9 Str+3
                  | Dex-5} (You found it on level 7 of the Dungeon)
  7719 | D:8      | Reached *** piety under Okawaru
  7793 | D:8      | Reached skill level 11 in Short Blades
  7824 | D:8      | Reached XP level 10. HP: 61/61 MP: 13/13
  7905 | D:8      | Found a radiant altar of Vehumet.
  7909 | D:8      | Found a shimmering blue altar of Sif Muna.
  7910 | D:8      | Found an ancient bone altar of Kikubaaqudgha.
  7912 | D:8      | Identified Kikubaaqudgha's Reference Book on Evil Secrets
  8228 | D:8      | Found a burning altar of Makhleb.
  8656 | D:9      | Found Hainlin's Weapon Boutique.
  8912 | D:9      | Found a staircase to the Lair.
  9231 | D:9      | Reached skill level 12 in Short Blades
  9540 | D:9      | Reached **** piety under Okawaru
  9540 | D:9      | Received a gift from Okawaru
  9667 | D:9      | Found a glowing silver altar of Zin.
  9697 | D:9      | Found a sacrificial altar of Ru.
 10359 | D:9      | Reached XP level 11. HP: 48/69 MP: 12/14
 10398 | D:9      | Reached skill level 5 in Shields
 10646 | D:9      | Learned a level 2 spell: Swiftness
 10650 | D:9      | Learned a level 3 spell: Mephitic Cloud
 10653 | D:9      | Learned a level 2 spell: Poisonous Vapours
 11010 | Lair:1   | Entered Level 1 of the Lair of Beasts
 11361 | Lair:1   | Noticed an oklob plant
 11361 | Lair:1   | Noticed an oklob plant
 11361 | Lair:1   | Killed an oklob plant
 11371 | Lair:1   | Killed an oklob plant
 11371 | Lair:1   | Received a gift from Okawaru
 11470 | Lair:1   | Found a runed translucent gate.
 11471 | Lair:1   | Found a runed translucent gate.
 11484 | Lair:1   | Found a runed translucent gate.
 11489 | Lair:1   | Noticed Vew Pil's ghost (journeyman DrTm)
 12240 | Lair:2   | Reached skill level 10 in Fighting
 12269 | Lair:2   | Noticed Gastronok
 12320 | Lair:2   | Killed Gastronok
 12320 | Lair:2   | Reached ***** piety under Okawaru
 12464 | Lair:2   | Found a staircase to the Shoals.
 12652 | Lair:2   | Reached XP level 12. HP: 79/79 MP: 13/15
 12738 | Lair:2   | Reached skill level 10 in Stealth
 12738 | Lair:2   | Reached skill level 1 in Poison Magic
 12953 | Lair:2   | Found a snail-covered altar of Cheibriados.
 13423 | Lair:2   | Noticed Erica
 13495 | Lair:2   | Killed Erica
 13495 | Lair:2   | Received a gift from Okawaru
 13495 | Lair:2   | Reached skill level 1 in Evocations
 14883 | Lair:3   | Found a hide-covered altar of Uskayaw.
 14907 | Lair:3   | Received a gift from Okawaru
 15049 | Lair:3   | Reached XP level 13. HP: 77/85 MP: 17/20
 15115 | Lair:3   | Reached skill level 1 in Air Magic
 15308 | Lair:3   | Reached skill level 5 in Spellcasting
 15685 | Lair:3   | Slain by a komodo dragon

Levels and vault maps discovered:
D:1:      psy_arrival_terrarium, layout_loops_ring, minmay_three_crescents
D:2:      layout_loops_cross, nemelex_xobeh_ov_fountains_minmay,
          lemuel_statue_altar, uniq_terence
D:3:      layout_basic, chequers_temple_overflow_minitemple,
          uniq_crazy_yiuf_cottage
D:4:      layout_basic, eat_drink_and_be_merry_uskayaw,
          minmay_temple_entry_junction, first_ration
D:5:      layout_basic, gammafunk_ghost_arena
D:6:      layout_loops_corners, serial_shops, shop_statue, shop,
          chequers_serial_rivers_micro_d, uniq_pikel, uniq_blork_the_orc
D:7:      layout_loops_cross, grunt_ogre_cave
D:8:      layout_basic, grunt_temple_overflow_magic_moments,
          kennysheep_mini_moat
D:9:      layout_stronghold, nicolae_overflow_hidden_temple,
          lemuel_crystal_altar, due_lair_maze_entry_diamond, serial_shops,
          nicolae_shop_waterfront
Lair:1:   layout_loops_ring, gammafunk_ghost_necromancy,
          minmay_lair_oklob_chamber
Lair:2:   layout_gridlike, minmay_shoals_entry_hut, kennysheep_snail_temple,
          uniq_gastronok, uniq_erica
Lair:3:   lemuel_reptile_caves, layout_chaotic_city, basic_altar,
          grunt_megastairs_1, serial_bayou_shore_a, lemuel_fruit_fields

Skill      XL: |  1  2  3  4  5  6  7  8  9 10 11 12 13 |
---------------+----------------------------------------+-----
Short Blades   | 3 4 5 7 9 11 12 | 12.0
Stealth        | 1 2 3 4 5 9 10 | 10.9
Fighting       | 3 4 5 6 8 10 11 | 11.8
Throwing       | 2 |  2.4
Dodging        | 3 4 6 8 |  8.6
Invocations    | 2 4 |  4.6
Shields        | 1 3 4 5 |  5.7
Poison Magic   | 4 |  4.5
Spellcasting   | 4 5 |  5.1
Evocations     | 2 |  2.3
Translocations | 4 |  4.3
Air Magic      | 1 |  1.6
Armour         | |  0.7

Action                   |  1- 3 |  4- 6 |  7- 9 | 10-12 | 13-15 || total
-------------------------+-------+-------+-------+-------+-------++-------
Melee: Short sword       |   118 |   223 |       |       |       ||   341
       Dagger            |       |   103 |   366 |  1489 |   239 ||  2197
       Punch             |       |       |     2 |       |       ||     2
Throw: Dart              |       |    10 |     6 |    26 |       ||    42
 Cast: Blink             |       |       |     2 |     8 |       ||    10
       Shroud of Golubri |       |       |       |     1 |       ||     1
       Mephitic Cloud    |       |       |       |     2 |       ||     2
Invok: Heroism           |       |       |     2 |    27 |     1 ||    30
       Finesse           |       |       |       |     1 |       ||     1
Evoke: Wand              |       |     3 |    18 |    29 |     6 ||    56
  Use: Scroll            |     5 |    13 |    11 |     6 |       ||    35
       Potion            |     1 |     1 |       |     4 |       ||     6
 Stab: Sleeping          |     2 |     7 |    16 |     9 |       ||    34
       Paralysed         |       |     1 |     3 |     2 |       ||     6
       Distracted        |       |       |       |     2 |       ||     2
       Confused          |       |       |       |     2 |       ||     2
  Eat: Chunk             |    10 |     9 |    11 |    30 |     6 ||    66
Armor: Leather armour    |    24 |    62 |    42 |   208 |    24 ||   360
       Skin              |       |       |       |     8 |       ||     8
Dodge: Dodged            |    73 |   162 |   142 |   635 |    94 ||  1106
Block: Buckler           |       |       |    17 |   271 |    44 ||   332
